 Dungeon Crawl Stone Soup version 0.24.0-13-gcf9b3192b9 (webtiles) character file.

Game seed: 8892198654295544865, levelgen mode: classic

99569 EnegeticOcto the Stickfighter (level 15, 0/136 HPs)
             Began as a Minotaur Fighter on Nov 9, 2019.
             Was the Champion of Makhleb.
             Succumbed to a naga sharpshooter's splash of poison
             ... on level 4 of the Snake Pit.
             The game lasted 00:19:01 (21329 turns).

EnegeticOcto the Stickfighter (Minotaur Fighter)   Turns: 21329, Time: 00:19:02

Health: 0/136      AC: 34    Str: 29    XL:     15   Next: 78%
Magic:  24/24      EV:  7    Int:  8    God:    Makhleb [******]
Gold:   3481       SH:  0    Dex:  9    Spells: 14/14 levels left

rFire    x . .     SeeInvis +   q - +7 lajatang (vamp)
rCold    + . .     Gourm    .   (shield currently unavailable)
rNeg     + + +     Faith    .   m - +8 orange crystal plate armour {Archmagi, Int+3 Clar}
rPois    +         Spirit   .   (helmet restricted)
rElec    +         Reflect  .   u - scarf {repulsion}
rCorr    .         Harm     .   w - +0 pair of gloves
MR       +....     Clarity  +   z - +1 pair of boots "Basusid" {rC+}
Stlth    ..........             (no amulet)
HPRegen  0.32/turn              U - ring "Boxy" {rElec rPois rF- rN+++ Str-4 SInv}
MPRegen  0.19/turn              X - +3 ring of slaying

@: mighty, lethally poisoned (0 -> -104), hasted, constricted, repel missiles,
very quick
A: retaliatory headbutt, horns 2
a: Minor Destruction, Lesser Servant of Makhleb, Major Destruction, Greater
Servant of Makhleb, Renounce Religion


You were on level 4 of the Snake Pit.
You worshipped Makhleb.
Makhleb was exalted by your worship.
You were not hungry.

You visited 4 branches of the dungeon, and saw 25 of its levels.
You visited 1 bazaar.
You also visited: Bailey.

You collected 5606 gold pieces.
You spent 2125 gold pieces at shops.

Inventory:

Hand Weapons
 a - a +3 dagger of distortion
 q - a +7 vampiric lajatang (weapon)
 v - a +0 broad axe
Missiles
 J - 5 throwing nets (quivered)
Armour
 m - the +8 orange crystal plate armour (worn) {Archmagi, Int+3 Clar}
   (You found it in a bailey)

   It affects your intelligence (+3).
   It protects you against confusion.
 p - a +0 cloak
 u - a scarf of repulsion (worn)
 w - a +0 pair of gloves (worn)
 z - the +1 pair of boots "Basusid" (worn) {rC+}
   (You found it on level 5 of the Dungeon)

   It protects you from cold.
Jewellery
 n - a +2 ring of evasion
 y - a +2 ring of protection
 T - an uncursed ring of positive energy
 U - the ring "Boxy" (left hand) {rElec rPois rF- rN+++ Str-4 SInv}
   (You bought it in a shop in a bazaar)

   [ring of see invisible]

   It affects your strength (-4).
   It makes you vulnerable to fire.
   It insulates you from electricity.
   It protects you from poison.
   It renders you almost immune to negative energy.
   It lets you see invisible.
 X - a +3 ring of slaying (right hand)
Wands
 c - a wand of scattershot (5)
 i - a wand of iceblast (28)
 j - a wand of flame (57)
 s - a wand of polymorph (10)
 E - a wand of paralysis (22)
 I - a wand of enslavement (16)
 K - a wand of disintegration (12)
 L - a wand of digging (4)
Scrolls
 f - 5 scrolls of enchant armour
 l - 8 scrolls of remove curse {@r2}
 o - 3 scrolls of immolation
 B - 8 scrolls of identify {@r1}
 F - 3 scrolls of magic mapping {@r5}
 G - a scroll of fog {!r}
 N - 3 scrolls of blinking {@r4}
 P - 8 scrolls of teleportation {@r3}
 Q - 2 scrolls of holy word
 S - 2 scrolls of fear {!r}
Potions
 b - 2 potions of magic
 d - 2 potions of might {@q3}
 g - 2 potions of invisibility
 h - 6 potions of brilliance
 k - 7 potions of curing {@q1}
 r - 3 potions of resistance
 t - 2 potions of ambrosia
 x - 5 potions of lignification {@q6}
 A - 4 potions of agility {@q5}
 C - 2 potions of haste {@q4}
 H - 2 potions of cancellation
 M - 4 potions of flight
 O - a potion of mutation
 R - a potion of berserk rage
Miscellaneous
 D - a lamp of fire
Comestibles
 e - 50 rations


   Skills:
 + Level 13.3 Fighting
 - Level 6.1 Axes
 * Level 16.6 Staves
 + Level 13.3 Armour
 + Level 11.9 Dodging
   Level 5.4 Shields
 * Level 14.5 Invocations


You had 14 spell levels left.
You didn't know any spells.
Your spell library contained the following spells:

 Spells                   Type           Power        Failure   Level  Hunger
 Freeze                   Ice            #...         100%        1    ##.....
 Shock                    Conj/Air       #...         100%        1    ##.....
 Swiftness                Chrm/Air       #.......     100%        2    ###....
 Throw Frost              Conj/Ice       #.....       100%        2    ###....
 Ozocubu's Armour         Chrm/Ice       #.......     100%        3    ####...
 Static Discharge         Conj/Air       #.......     100%        3    ####...
 Airstrike                Air            #.........   100%        4    #####..
 Summon Ice Beast         Ice/Summ       #.......     100%        4    #####..
 Throw Icicle             Conj/Ice       #.......     100%        4    #####..
 Lightning Bolt           Conj/Air       #.........   100%        5    ######.
 Haunt                    Necr/Summ      #.........   100%        7    #######
 Borgnjor's Revivificati  Necr           #.........   100%        8    #######
 Death's Door             Chrm/Necr      #.........   100%        8    #######
 Infestation              Necr           #.........   100%        8    #######
 Necromutation            Tmut/Necr      #.........   100%        8    #######


Dungeon Overview and Level Annotations

Branches:
Dungeon (14/15)            Temple (1/1) D:4            Lair (6/6) D:10
 Shoals (0/4) Lair:3        Snake (4/4) Lair:2        Slime (0/5) Lair:5
    Orc (0/2) D:10         Vaults (0/5) D:13         Bailey (visited)

Altars:
Ashenzari
Dithmenos
Fedhas
Gozag
Hepliaklqana
Kikubaaqudgha
Makhleb
Nemelex Xobeh
Qazlal
Ru
Trog
Vehumet
Wu Jian
Xom
Yredelemnul
Zin
The Shining One

Shops:
D:6 %   Snake:2 ==}}

Annotations:
D:7 4 transporters, EmberCloud's ghost, novice MiFi
D:14 Kirke
Lair:1 exclusion: 2 oklob plants
Snake:4 Vashnia


Innate Abilities, Weirdness & Mutations

You reflexively headbutt those who attack you in melee.
You have a pair of horns on your head.


Message History

The naga warrior hits your green death with a +0 war axe of venom!
Your green death is poisoned.
The guardian serpent hits you but does no damage.
The naga spits poison at you.
The splash of poison hits you but does no damage.
You resist.
Vashnia unwields a +3 battleaxe of flaming.
It stops flaming.
Vashnia wields a +3 longbow of freezing.
It is covered in frost.
Vashnia mumbles some strange words.
Vashnia magically shoots an arrow.
The arrow hits you.
* * * LOW HITPOINT WARNING * * *
A salamander mystic comes into view. It is wielding a +0 dagger.
You hear a shout!
You slice the nagaraja!!
You feel better.
You headbutt the nagaraja.
You kill the nagaraja!
Makhleb accepts your kill.
You feel better.
You feel very sick.
The naga sharpshooter mumbles some strange words.
The naga sharpshooter magically shoots an arrow.
The arrow hits you.
* * * LOW HITPOINT WARNING * * *
The naga sharpshooter gestures wildly while chanting.
The naga sharpshooter magically shoots a bolt.
The bolt hits you!
* * * LOW HITPOINT WARNING * * *
The black mamba closely misses your blizzard demon.
The nagaraja hits you but does no damage.
The naga sharpshooter spits poison at you.
The splash of poison hits you but does no damage.
You are more poisoned.
You resist.
The naga closely misses your blizzard demon.
The naga misses you. The naga grabs your blizzard demon.
The naga constricts your blizzard demon.
Your blizzard demon waves its arms in wide circles.
The air twists around and strikes the naga!
The naga dies!
Makhleb accepts your kill.
The guardian serpent casts a spell at you.
The bolt of poison hits you!
You are more poisoned.
You resist.
* * * LOW HITPOINT WARNING * * *
Your green death barely misses the naga warrior.
* * * LOW HITPOINT WARNING * * *
You feel very sick.
The black mamba bites your blizzard demon!
Your blizzard demon dies!
The naga sharpshooter shoots an arrow.
The arrow is repelled.
The naga sharpshooter casts a spell.
The naga sharpshooter magically shoots an arrow.
The arrow hits you but does no damage. The naga closely misses you.
The naga grabs you.
* * * LOW HITPOINT WARNING * * *
The naga constricts you.
The guardian serpent coils itself and performs some mystic snake dance.
The naga sharpshooter blinks!
The anaconda blinks!
The anaconda bites you but does no damage.
The naga warrior hits you but does no damage.
The naga warrior hits your green death with a +0 war axe of venom!
You hear a shout!
Things that are here:
2 arrows; a +0 battleaxe of chopping; a naga corpse Your orange crystal plate armour prevents you from hitting the naga.
You headbutt the naga!
The naga is severely wounded.
* * * LOW HITPOINT WARNING * * *
You feel very sick.
You hear a shout!
The naga sharpshooter spits poison at you.
The splash of poison hits you but does no damage.
You are more poisoned.
You resist. The anaconda bites you.
* * * LOW HITPOINT WARNING * * *
The naga warrior blocks your green death's attack.
The naga sharpshooter gestures wildly while chanting.
The naga sharpshooter magically shoots an arrow.
The arrow hits you but does no damage.
You hit the naga but do no damage.
The naga is severely wounded.
* * * LOW HITPOINT WARNING * * *
You feel very sick.
The naga sharpshooter shoots an arrow.
The arrow hits you but does no damage. The naga closely misses you.
* * * LOW HITPOINT WARNING * * *
The naga constricts you.
The naga sharpshooter gestures wildly while chanting.
The naga sharpshooter magically shoots an arrow.
The arrow hits you but does no damage. The anaconda barely misses you.
You furiously retaliate!
You headbutt the anaconda! The naga warrior barely misses you.
The naga warrior hits your green death with a +0 war axe of venom!
You hear a shout!
You cut the naga sharpshooter into ribbons!!!
You headbutt the naga sharpshooter!!
The naga sharpshooter is severely wounded.
You die...

........##.##...#
........##.#...# N.##
#.......##.†).# N..#
##.....###.'))## ....#
##...## #.#...## ...#
#####.####.##.)≈##
NS.#
#.......##.###≈2S##SS#
#..####.##..


##NNNNN##NNN ........#### ##@SN.SNN.. ......... ##NNNN.NNN #..####... ##SN.##N.
#..# ### #N..# #..# #...# #..^ #...# ###.. #... .≈♣ #.. You could see Vashnia, a
naga warrior, a nagaraja, 7 naga sharpshooters, an anaconda, a naga ritualist, a
mana viper, 2 guardian serpents, 3 black mambas, a naga mage, 7 nagas and a
friendly green death.

Vanquished Creatures
  Nikola (Snake:1)
  3 nagarajas
  5 dire elephants (Lair:6)
  Nessos (Lair:6)
  Josephine (D:10)
  Harold (D:10)
  A vault guard (D:13)
  2 hydras (D:12)
  3 centaur warriors (D:13)
  Erica (Lair:2)
  2 naga warriors (Snake:3)
  6 anacondas
  9 two-headed ogres
  A death yak (Lair:5)
  2 naga sharpshooters
  A shock serpent (Snake:3)
  Nergalle (Lair:2)
  3 unseen horrors
  A lindwurm (Lair:4)
  A necromancer (Lair:5)
  4 naga ritualists
  An orc knight (Bailey)
  3 ugly things
  A salamander (Snake:3)
  5 mana vipers
  3 manticores
  Joseph (D:9)
  An ice statue (D:13)
  12 elephants
  2 torpor snails (Lair:5)
  23 black mambas
  Psyche (D:8)
  A gargoyle (D:11)
  2 naga magi (Snake:2)
  11 spiny frogs
  4 rime drakes
  3 komodo dragons
  2 tengu conjurers (D:13)
  4 hornets
  3 meliai (Lair:5)
  A queen bee (Lair:5)
  6 polar bears
  2 trolls
  10 hippogriffs
  19 blink frogs
  3 slime creatures (D:13)
  A dream sheep (Lair:5)
  7 wraiths
  24 yaks
  4 wyverns
  A shadow (D:10)
  4 vampire mosquitoes (D:13)
  2 basilisks
  A hog (D:14)
  Grum (D:10)
  3 hungry ghosts
  2 steam dragons
  7 water moccasins
  15 nagas
  7 porcupines
  10 orc warriors
  2 black bears
  3 necrophages
  5 sky beasts
  A hornet zombie (D:13)
  An eye of draining (D:11)
  13 ogres
  9 wolves
  A boggart (D:13)
  20 centaurs
  18 crocodiles
  4 big kobolds
  4 gnoll sergeants (D:10)
  17 bullfrogs
  43 killer bees
  2 scorpions
  4 electric eels
  A howler monkey (D:13)
  8 crimson imps
  3 bullfrog zombies
  10 hounds
  2 centaur zombies
  3 jellies
  3 centaur skeletons
  4 orc priests
  Crazy Yiuf (D:2)
  3 bullfrog skeletons
  8 orc wizards
  Jessica (D:3)
  3 iguanas
  Terence (D:3)
  6 hell rats (Lair:6)
  13 worker ants
  2 yak simulacra (Lair:5)
  A polar bear simulacrum (Lair:5)
  5 wolf simulacra (Lair:5)
  A howler monkey zombie (D:10)
  3 worker ant zombies
  8 gnolls
  13 adders
  2 shadow imps
  An ooze (Lair:5)
  An adder skeleton (D:6)
  A worm (D:3)
  3 dart slugs
  6 leopard geckos
  43 orcs
  3 bats
  6 giant cockroaches
  2 gnoll zombies (D:4)
  12 hobgoblins
  5 jackals (D:1)
  3 quokkas
  12 frilled lizards
  7 goblins
  11 kobolds
  A leopard gecko zombie (D:7)
  9 rats
  3 river rat simulacra (Lair:5)
  2 plants (Lair:6)
646 creatures vanquished.

Vanquished Creatures (collateral kills)
  Bai Suzhen (Snake:4)
  Rupert (Lair:4)
  4 hydras
  A guardian serpent (Snake:4)
  2 black mambas (Snake:4)
  A komodo dragon (Lair:6)
  A hornet (Lair:4)
  5 nagas (Snake:4)
  A water moccasin (D:11)
  A wolf (Lair:4)
  A fungus (Lair:4)
19 creatures vanquished.

Vanquished Creatures (others)
  An orc knight (Bailey)
  2 water moccasins (Lair:5)
  A centaur (D:10)
  A fungus (Lair:3)
  6 plants
11 creatures vanquished.

Grand Total: 676 creatures vanquished

Notes
Turn   | Place    | Note
-------+----------+-------------------------------------------
     0 | D:1      | EnegeticOcto the Minotaur Fighter began the quest for the
                  | Orb.
     0 | D:1      | Reached XP level 1. HP: 19/19 MP: 0/0
   217 | D:1      | Reached XP level 2. HP: 15/27 MP: 1/1
   711 | D:1      | Reached XP level 3. HP: 33/33 MP: 2/2
   771 | D:2      | Reached skill level 1 in Dodging
   894 | D:2      | Found a runed translucent door.
   895 | D:2      | Noticed Crazy Yiuf
   903 | D:2      | Killed Crazy Yiuf
   903 | D:2      | Reached XP level 4. HP: 4/40 MP: 3/3
  1800 | D:3      | Found a glowing golden altar of the Shining One.
  2225 | D:3      | Noticed Terence
  2236 | D:3      | Killed Terence
  2236 | D:3      | Reached XP level 5. HP: 14/46 MP: 4/4
  2853 | D:3      | Noticed Jessica
  2858 | D:3      | Killed Jessica
  3052 | D:4      | Found a staircase to the Ecumenical Temple.
  3060 | Temple   | Entered the Ecumenical Temple
  3114 | Temple   | Became a worshipper of Makhleb the Destroyer
  3132 | D:4      | Reached XP level 6. HP: 49/53 MP: 5/5
  3191 | D:4      | Got a shimmering chain mail
  3206 | D:4      | Identified the cursed +0 chain mail of Fyamu Enea {rCorr
                  | Str+3 Dex+5} (You found it on level 4 of the Dungeon)
  3359 | D:4      | Reached skill level 5 in Axes
  3359 | D:4      | Reached skill level 1 in Invocations
  3764 | D:4      | Found a basalt altar of Yredelemnul.
  3797 | D:4      | Found a shimmering altar of Xom.
  3804 | D:4      | Reached skill level 5 in Armour
  3804 | D:4      | Reached skill level 5 in Shields
  3943 | D:5      | Entered Level 5 of the Dungeon
  3949 | D:5      | Reached XP level 7. HP: 58/60 MP: 7/7
  3952 | D:5      | Reached skill level 5 in Fighting
  4242 | D:5      | Reached * piety under Makhleb
  4343 | D:5      | Got a pair of heavily runed boots
  4375 | D:5      | Found a shadowy altar of Dithmenos.
  4381 | D:5      | Identified the +1 pair of boots "Basusid" {rC+} (You found
                  | it on level 5 of the Dungeon)
  4444 | D:5      | Reached skill level 1 in Staves
  4470 | D:5      | Reached XP level 8. HP: 68/69 MP: 9/9
  4631 | D:6      | Found Biubegg's Food Shop.
  4744 | D:6      | Reached skill level 2 in Staves
  4879 | D:6      | Found the +3 sling "Punk" {acid, rCorr}
  5067 | D:6      | Found an opulent altar of Gozag.
  5100 | D:6      | Reached skill level 3 in Staves
  5507 | D:7      | Found a transporter.
  5514 | D:7      | Found a radiant altar of Vehumet.
  5521 | D:7      | Noticed a komodo dragon
  5522 | D:7      | Found a blossoming altar of Fedhas.
  5523 | D:7      | Noticed a deep elf mage
  5535 | D:7      | Noticed a hippogriff
  5545 | D:7      | Killed a hippogriff
  5545 | D:7      | Reached skill level 4 in Staves
  5583 | D:7      | Found a shattered altar of Ashenzari.
  5614 | D:7      | Noticed a moth of wrath
  5619 | D:7      | Found a transporter.
  5620 | D:7      | Found a bloodstained altar of Trog.
  5627 | D:7      | Found a transporter.
  5640 | D:7      | Noticed EmberCloud's ghost (novice MiFi)
  5716 | D:7      | Found a stormy altar of Qazlal.
  5761 | D:7      | Found a transporter.
  6083 | D:8      | Reached skill level 5 in Invocations
  6083 | D:8      | Reached XP level 9. HP: 60/77 MP: 11/11
  6400 | D:8      | Reached skill level 5 in Staves
  6449 | D:8      | Noticed Psyche
  6462 | D:8      | Killed Psyche
  6462 | D:8      | Reached ** piety under Makhleb
  6462 | D:8      | Reached skill level 5 in Dodging
  6678 | D:8      | Noticed a two-headed ogre
  6684 | D:8      | Killed a two-headed ogre
  6684 | D:8      | Reached skill level 6 in Staves
  6856 | D:8      | Found a glowing silver altar of Zin.
  7130 | D:8      | Found a sacrificial altar of Ru.
  7445 | D:9      | Reached skill level 7 in Staves
  7482 | D:9      | Found an ancient bone altar of Kikubaaqudgha.
  7509 | D:9      | Reached XP level 10. HP: 86/86 MP: 14/14
  7676 | D:9      | Found a flagged portal.
  7690 | Bailey   | Entered a bailey
  7690 | Bailey   | Noticed an orc knight
  7692 | Bailey   | Noticed an orc knight
  7708 | Bailey   | HP: 1/88 [orc warrior/+0 halberd (13)]
  8071 | Bailey   | Killed an orc knight
  8071 | Bailey   | Reached skill level 8 in Staves
  8095 | Bailey   | Found the +8 orange crystal plate armour {Archmagi, Int+3
                  | Clar}
  8096 | Bailey   | Reached *** piety under Makhleb
  8307 | D:9      | Noticed a white ugly thing
  8342 | D:9      | Killed a white ugly thing
  8342 | D:9      | Reached skill level 9 in Staves
  8367 | D:9      | Noticed a two-headed ogre
  8373 | D:9      | Killed a two-headed ogre
  8373 | D:9      | Reached XP level 11. HP: 95/95 MP: 16/16
  8400 | D:9      | Noticed Joseph
  8415 | D:9      | Killed Joseph
  8647 | D:10     | Entered Level 10 of the Dungeon
  8741 | D:10     | Noticed Josephine
  8753 | D:10     | Killed Josephine
  8755 | D:10     | Reached **** piety under Makhleb
  8755 | D:10     | Reached skill level 10 in Staves
  8795 | D:10     | Noticed Grum
  8813 | D:10     | Killed Grum
  9093 | D:10     | Noticed Harold
  9116 | D:10     | Killed Harold
  9379 | D:10     | Noticed Sonja
  9383 | D:10     | Noticed Sonja
  9383 | D:10     | Sonja changed into Sonja the big kobold
  9661 | D:10     | Killed Sonja the big kobold
  9702 | D:10     | Found a staircase to the Lair.
  9753 | D:10     | Found a staircase to the Orcish Mines.
  9900 | D:11     | Noticed a two-headed ogre
  9920 | D:11     | Reached skill level 11 in Staves
  9929 | D:11     | Killed a two-headed ogre
  9947 | D:11     | Killed an unseen horror
  9947 | D:11     | Reached skill level 10 in Invocations
  9947 | D:11     | Reached XP level 12. HP: 106/106 MP: 18/18
 10083 | D:11     | Reached ***** piety under Makhleb
 10212 | D:11     | Reached skill level 10 in Armour
 10246 | D:11     | Noticed a four-headed hydra
 10269 | D:11     | Killed a four-headed hydra
 10338 | D:11     | Noticed a two-headed ogre
 10348 | D:11     | Killed a two-headed ogre
 10348 | D:11     | Reached skill level 10 in Fighting
 10613 | Lair:1   | Entered Level 1 of the Lair of Beasts
 11460 | Lair:2   | Noticed Nergalle
 11498 | Lair:2   | Killed Nergalle
 11498 | Lair:2   | Reached skill level 12 in Staves
 11827 | Lair:2   | Found a staircase to the Snake Pit.
 11979 | Lair:2   | Noticed Erica
 11987 | Lair:2   | Killed Erica
 12698 | Lair:3   | Found a staircase to the Shoals.
 13465 | Lair:4   | Noticed a five-headed hydra
 13476 | Lair:4   | Killed a five-headed hydra
 13521 | Lair:4   | Noticed Rupert
 13533 | Lair:4   | Killed Rupert
 13533 | Lair:4   | Reached XP level 13. HP: 114/114 MP: 20/20
 13910 | Lair:4   | Reached skill level 13 in Staves
 13956 | Lair:4   | Paralysed by a hornet for 3 turns
 14378 | Lair:5   | Found a staircase to the Slime Pits.
 15030 | Lair:5   | Reached skill level 10 in Dodging
 15156 | Lair:5   | Reached skill level 14 in Staves
 15590 | Lair:6   | Entered Level 6 of the Lair of Beasts
 15620 | Lair:6   | Noticed Nessos
 15649 | Lair:6   | Killed Nessos
 15798 | Lair:6   | Reached XP level 14. HP: 124/124 MP: 22/22
 15809 | Lair:6   | Reached ****** piety under Makhleb
 17168 | D:12     | Reached skill level 15 in Staves
 17875 | D:13     | Found a gate to the Vaults.
 18341 | D:13     | Found a gateway to a bazaar.
 18353 | Bazaar   | Entered a bazaar
 18455 | Bazaar   | Found Sasaxyew's Jewellery Shoppe.
 18470 | Bazaar   | Found Pusox's Magic Scroll Emporium.
 18485 | Bazaar   | Found Cohov's Weapon Emporium.
 18485 | Bazaar   | Found Pogust's Magic Scroll Shoppe.
 18489 | Bazaar   | Bought a scroll of acquirement for 624 gold pieces
 18491 | Bazaar   | Bought a scroll of enchant weapon for 90 gold pieces
 18491 | Bazaar   | Bought a scroll of holy word for 90 gold pieces
 18557 | Bazaar   | Bought a scroll of enchant weapon for 67 gold pieces
 18557 | Bazaar   | Bought a scroll of enchant weapon for 67 gold pieces
 18557 | Bazaar   | Bought a scroll of magic mapping for 31 gold pieces
 18557 | Bazaar   | Bought a scroll of blinking for 67 gold pieces
 18571 | Bazaar   | Bought the ring "Boxy" {rElec rPois rF- rN+++ Str-4 SInv}
                  | for 504 gold pieces
 18571 | Bazaar   | Bought a +3 ring of slaying for 585 gold pieces
 18952 | D:14     | Noticed Kirke
 19457 | Snake:1  | Entered Level 1 of the Snake Pit
 19529 | Snake:1  | Noticed Nikola
 19550 | Snake:1  | Killed Nikola
 19550 | Snake:1  | Reached XP level 15. HP: 134/134 MP: 24/24
 19816 | Snake:2  | Found Quotueg's Gadget Shoppe.
 19817 | Snake:2  | Found Adwul's Jewellery Boutique.
 19817 | Snake:2  | Found Les Toar's Jewellery Boutique.
 20117 | Snake:2  | Found Ligiafis's Gadget Emporium.
 20193 | Snake:2  | Reached skill level 16 in Staves
 21132 | Snake:3  | Noticed a nagaraja
 21141 | Snake:3  | Killed a nagaraja
 21259 | Snake:4  | Entered Level 4 of the Snake Pit
 21275 | Snake:4  | Noticed a nagaraja
 21286 | Snake:4  | Killed a nagaraja
 21296 | Snake:4  | Noticed Bai Suzhen
 21307 | Snake:4  | Killed Bai Suzhen
 21310 | Snake:4  | Noticed Vashnia
 21312 | Snake:4  | Noticed a nagaraja
 21314 | Snake:4  | Noticed a nagaraja
 21323 | Snake:4  | Noticed a nagaraja
 21325 | Snake:4  | Killed a nagaraja
 21328 | Snake:4  | HP: 3/136 [poisoned by a naga sharpshooter (splash of
                  | poison)]
 21329 | Snake:4  | Succumbed to a naga sharpshooter's splash of poison

Levels and vault maps discovered:
D:1:      wheals_arrival_linesprint, layout_rooms
D:2:      layout_loops_cross, uniq_crazy_yiuf_cottage
D:3:      layout_basic, nicolae_overflow_crystal_walls, uniq_terence,
          uniq_jessica
D:4:      layout_basic, old_standard_altar, lemuel_zombie_altar_yredelemnul,
          minmay_temple_entry_mist
D:5:      layout_loops_ring, grunt_dithmenos_smoke, first_ration
D:6:      layout_loops_corners, kennysheep_mini_moat, serial_shops,
          nicolae_shop_waterfront, minmay_checkerbox
D:7:      layout_cave_pools, nicolae_qazlal_general_emergency,
          ashenzari_conservatory_becter, gammafunk_temple_overflow_arena,
          gammafunk_ghost_wrathful_warriors
D:8:      layout_basic, zin_academy, kennysheep_little_box, blue_anna_alchemist
          [blue_anna_fruit_fields, blue_anna_fruit_fields], uniq_psyche
D:9:      layout_basic, lemuel_crystal_altar, enter_bailey_7,
          minmay_sticks_and_stones
D:10:     layout_irregular_city, lair_entry_dummy,
          kennysheep_orc_monster_closet_entryway, minmay_increasing_density,
          uniq_harold, uniq_sonja, uniq_grum, uniq_josephine
D:11:     layout_basic
D:12:     layout_cross, minmay_variable_closet
D:13:     layout_stronghold, david_vaults_5, serial_shops, statue_bzr
D:14:     layout_cave_pools, serial_shops, nicolae_shop_trees, hex_tiny,
          uniq_frances, uniq_azrael, uniq_kirke
Temple:   dpeg_chambers_temple
Lair:1:   layout_chaotic_city, minmay_lair_oklob_chamber
Lair:2:   layout_chaotic_city, minmay_snake_entry_guardpost_small,
          serial_bayou_lagoon_b, uniq_erica, uniq_nergalle
Lair:3:   layout_cave_pods, elwin_shoals_entry_rocks, grunt_megastairs_4
Lair:4:   cheibrodos_lair_overgrown_chateau, layout_big_grid,
          cheibrodos_lair_lostbears, uniq_rupert
Lair:5:   regret_index_combs_of_tragedy, layout_loops_ring,
          nicolae_slime_entry_slimehenge, serial_bayou, serial_bayou_pond_d,
          serial_bayou_pond_b, serial_bayou_shore_b, serial_bayou_ford_a,
          eino_house_with_fridge
Lair:6:   due_jungle_book, layout_gridlike, chequers_serial_rivers_marsh,
          infiniplex_staircase_pool_2, lemuel_fruit_tree, uniq_nessos
Snake:1:  hangedman_cross_veins, layout_onion, eino_curves_04,
          hangedman_snake_pattern, uniq_nikola
Snake:2:  layout_layer_cave, serial_shops, shop, drop_trap, minmay_shop_grove
Snake:3:  layout_concentric_octagons
Snake:4:  johnstein_snake_rune_scales, layout_gridlike, serial_shops, shop,
          serial_bayou_pond_d, uniq_bai_suzhen, uniq_vashnia

Skill      XL: |  1  2  3  4  5  6  7  8  9 10 11 12 13 14 15 |
---------------+----------------------------------------------+-----
Axes           | 3 4 5 6 |  6.1
Dodging        | 1 2 3 4 5 6 8 9 10 11 | 11.9
Fighting       | 4 5 6 7 8 9 10 11 12 13 | 13.3
Armour         | 4 5 6 7 8 9 10 11 12 13 | 13.3
Shields        | 4 5 |  5.4
Invocations    | 1 3 5 6 8 10 11 12 13 14 | 14.5
Staves         | 1 4 7 9 11 12 14 15 16 | 16.6

Action                   |  1- 3 |  4- 6 |  7- 9 | 10-12 | 13-15 || total
-------------------------+-------+-------+-------+-------+-------++-------
Melee: War axe           |    67 |   183 |    28 |       |       ||   278
       Headbutt          |     8 |    27 |    55 |   140 |   228 ||   458
       Lajatang          |       |       |   157 |   689 |  1095 ||  1941
       Unarmed           |       |       |       |       |     4 ||     4
Invok: Lesser Servant of |       |       |       |     7 |     7 ||    14
       Greater Servant o |       |       |       |       |     4 ||     4
Evoke: Wand              |       |       |       |    17 |       ||    17
  Use: Scroll            |       |    11 |     9 |     7 |    11 ||    38
       Potion            |       |       |     1 |     3 |     4 ||     8
 Stab: Distracted        |       |       |       |       |     2 ||     2
  Eat: Chunk             |       |    10 |    13 |    24 |    16 ||    63
       Ration            |       |       |     1 |     1 |     3 ||     5
Armor: Scale mail        |    40 |    55 |       |       |       ||    95
       Chain mail        |       |    19 |   125 |    20 |       ||   164
       Crystal plate arm |       |       |       |   689 |  1127 ||  1816
Dodge: Dodged            |    28 |    59 |   100 |   300 |   552 ||  1039
       Deflected         |       |       |     2 |    12 |    11 ||    25
Block: Shield            |    40 |   110 |    17 |       |       ||   167
